 Dungeon Crawl Stone Soup version 0.29.0-15-g675c0067aa (webtiles) character file.

Game seed: 1046383541970534758

1973 qw the Cleaver (level 9, -5/112 HPs)
             Began as a Minotaur Berserker on Sept 12, 2022.
             Was a Priest of Trog.
             Succumbed to orange demon's concentrated venom
             ... on level 8 of the Dungeon.
             The game lasted 00:01:46 (5432 turns).

qw the Cleaver (Minotaur Berserker)                 Turns: 5432, Time: 00:01:46

Health: -5/112     AC: 11    Str: 26    XL:     9   Next: 0%
Magic:  8/8        EV: 13    Int:  4    God:    Trog [***...]
Gold:   235        SH:  0    Dex: 10    Spells: 8/8 levels left

rFire   . . .      SeeInvis .   Y - +0 broad axe
rCold   + . .      Faith    .   (no shield)
rNeg    . . .      Spirit   .   b - +0 chain mail
rPois   .          Reflect  .   (helmet restricted)
rElec   .          Harm     .   (no cloak)
rCorr   .          Rampage  .   h - +1 pair of gloves
Will    .....                   (no boots)
Stlth   ..........              (no amulet)
HPRegen 0.28/turn               o - +4 ring of evasion
MPRegen 0.11/turn               p - ring of protection from cold

@: berserking (expiring), lethally poisoned (-5 -> -32), slowed
A: horns 2, retaliatory headbutt
a: Renounce Religion, Berserk, Trog's Hand


You were on level 8 of the Dungeon.
You worshipped Trog.
Trog was most pleased with you.
You visited 1 branch of the dungeon, and saw 7 of its levels.

You collected 287 gold pieces.
You spent 52 gold pieces at shops.


Innate Abilities, Weirdness & Mutations

You have a pair of horns on your head.
You reflexively headbutt those who attack you in melee.


   Skills:
 + Level 6.0 Fighting
 - Level 12.7 Axes
 - Level 2.4 Throwing
 - Level 4.1 Armour
 - Level 2.1 Dodging


You had 8 spell levels left.
You didn't know any spells.
Your spell library was empty.

Inventory:

Hand Weapons
 f - a +2 flail of venom
 Y - a +0 broad axe (weapon)
Missiles
 d - 9 javelins (quivered)
Armour
 a - a +0 kite shield
 b - a +0 chain mail (worn)
 h - a +1 pair of gloves (worn)
 m - a +0 cloak
Jewellery
 n - a +6 ring of intelligence
 o - a +4 ring of evasion (left hand)
 p - a ring of protection from cold (right hand)
Scrolls
 c - a scroll of identify
 l - a scroll of teleportation
Potions
 e - a potion of cancellation
 g - a potion of berserk rage {unknown}
 i - a potion of mutation {unknown}
 j - a potion of curing
 k - a potion of haste

Dungeon Overview and Level Annotations

Branches:
Dungeon (6/15)
 Temple: D:4-7

Altars:
Fedhas
Hepliaklqana
Makhleb
Qazlal

Shops:
D:2 ?   D:4 *


Message History

You hit Amaemon.
Amaemon is severely wounded.
You feel very sick.
Amaemon hits you with a +1 demon whip of venom!
You are lethally poisoned!
Amaemon barely misses you. Amaemon tail-slaps you.
The orange demon stings you but does no damage.
You slice Amaemon!!
Amaemon is almost dead.
You feel extremely sick.
Amaemon gestures at the orange demon while chanting.
The orange demon seems to grow toxic.
The orange demon barely misses you.
You closely miss Amaemon. Your headbutt misses Amaemon.
Amaemon is almost dead.
You feel extremely sick.
You slice Amaemon!!
You kill Amaemon!
Trog accepts your kill.
Trog appreciates your killing of a magic user.
You feel very sick. The orange demon stings you from afar!
You are more poisoned.
You have difficulty breathing.
You feel yourself slow down.
Your Axes skill increases to level 12!
You have reached level 9!
Your experience leads to an increase in your attributes!
Increase (S)trength, (I)ntelligence, or (D)exterity?
You feel stronger. x2
You feel extremely sick.
The orange demon stings you but does no damage.
The orange demon hits you but does no damage.
Things that are here:
a +1 demon whip of venom; the demonspawn corpse of Amaemon You slash the orange demon!
The orange demon is moderately wounded.
You feel extremely sick. The orange demon barely misses you.
The orange demon hits you but does no damage.
You hit the orange demon.
The orange demon is heavily wounded.
You die...

#. #. #. #. #. #######
#. #.....#
######4###.###.########
.......@.......#......#
######.###.##..#.####.#
#.. #.##......##.# #...
#.###.#.#.##.# ##..
#.....#.#.##.# ##.
#####........# #.
#.#......# #.
#.###.#.## #.# #.#.#


You could see an orange demon (curare).

Vanquished Creatures
  Amaemon (D:8)
  2 ice beasts (D:5)
  Pargi (D:4)
  3 ogres
  2 phantoms
  A gnoll sergeant (D:6)
  4 wights (D:8)
  5 hounds
  A jelly (D:5)
  An orc wizard (D:5)
  14 gnolls
  5 adders
  10 orcs
  8 ball pythons
  2 bats
  10 endoplasms
  8 giant cockroaches
  5 goblins
  8 hobgoblins
  2 quokkas
  4 frilled lizards (D:1)
  7 kobolds (D:1)
  2 rats (D:2)
106 creatures vanquished.

Vanquished Creatures (others)
  A plant (D:4)
1 creature vanquished.

Grand Total: 107 creatures vanquished

Notes
Turn   | Place    | Note
-------+----------+-------------------------------------------
     0 | D:1      | qw the Minotaur Berserker began the quest for the Orb.
     0 | D:1      | Reached XP level 1. HP: 19/19 MP: 0/0
     0 | D:1      | 0 ||| qw: Version: 0.1-a-119-g272c26d
     0 | D:1      | 0 ||| qw: Game counter: 11055
     0 | D:1      | 0 ||| qw: Always use a shield: true
     0 | D:1      | 0 ||| qw: Do Orc after D:15 true
     0 | D:1      | 0 ||| qw: Do second Lair branch before Depths: true
     0 | D:1      | 0 ||| qw: Lair rune preference: random
     0 | D:1      | 0 ||| qw: Plans: Normal
     0 | D:1      | 0 ||| PLANNING D:1-11
   112 | D:1      | 112 ||| Stepping ~*~*~tactically~*~*~ (stealth).
   128 | D:1      | Reached skill level 4 in Axes
   369 | D:1      | Reached XP level 2. HP: 25/26 MP: 1/1
   984 | D:1      | Reached skill level 5 in Axes
  1002 | D:1      | 1002 ||| UPGRADING to +0 leather armour.
  1012 | D:1      | 1012 ||| DROPPING +0 animal skin.
  1013 | D:1      | 1013 ||| UPGRADING to +1 pair of gloves.
  1018 | D:1      | 1018 ||| DROPPING scarf of shadows.
  1019 | D:1      | 1019 ||| READING scroll labelled LAMOOL WOZAYSTRI.
  1153 | D:2      | Reached XP level 3. HP: 31/31 MP: 2/2
  1158 | D:2      | Reached ** piety under Trog
  1164 | D:2      | 1164 ||| FLEEEEING.
  1165 | D:2      | 1165 ||| FLEEEEING.
  1166 | D:2      | 1166 ||| FLEEEEING.
  1167 | D:2      | 1167 ||| FLEEEEING.
  1168 | D:2      | 1168 ||| FLEEEEING.
  1169 | D:2      | 1169 ||| FLEEEEING.
  1170 | D:2      | 1170 ||| FLEEEEING.
  1172 | D:2      | 1172 ||| FLEEEEING.
  1173 | D:2      | 1173 ||| FLEEEEING.
  1174 | D:2      | 1174 ||| FLEEEEING.
  1175 | D:2      | 1175 ||| FLEEEEING.
  1176 | D:2      | 1176 ||| FLEEEEING.
  1177 | D:2      | 1177 ||| FLEEEEING.
  1178 | D:2      | 1178 ||| FLEEEEING.
  1179 | D:2      | 1179 ||| FLEEEEING.
  1180 | D:2      | 1180 ||| FLEEEEING.
  1181 | D:2      | 1181 ||| FLEEEEING.
  1319 | D:2      | Found Cisum's Magic Scroll Emporium.
  1356 | D:2      | 1356 ||| SHOPLISTING scroll of identify (28 gold, have 22).
  1356 | D:2      | 1356 ||| SHOPLISTING scroll of teleportation (42 gold, have
                  | 22).
  1711 | D:2      | 1711 ||| UPGRADING to +0 chain mail.
  1721 | D:2      | 1721 ||| DROPPING +0 leather armour.
  1722 | D:2      | 1722 ||| READING scroll labelled VARRUOKL NEEN.
  1723 | D:2      | 1723 ||| READING 2 scrolls labelled VOQEUCV PAUXAX.
  1724 | D:2      | 1724 ||| READING scroll labelled NYAHAO KOMAI.
  1749 | D:3      | 1749 ||| DROPPING +0 whip.
  1877 | D:3      | Found a faded altar of an unknown god.
  2319 | D:3      | Reached XP level 4. HP: 37/39 MP: 3/3
  2424 | D:3      | Noticed an earth elemental
  2428 | D:3      | Found a stormy altar of Qazlal.
  2430 | D:3      | Noticed a water elemental
  2430 | D:3      | Noticed an air elemental
  2430 | D:3      | Noticed a fire elemental
  2543 | D:3      | 2543 ||| DRINKING 2 red potions.
  2544 | D:3      | 2544 ||| DRINKING 2 bubbling yellow potions.
  2545 | D:3      | 2545 ||| DROPPING potion of magic.
  2568 | D:4      | Noticed an ogre
  2573 | D:4      | 2573 ||| INVOKING Berserk.
  2576 | D:4      | Killed an ogre
  2577 | D:4      | Reached skill level 7 in Axes
  2577 | D:4      | Reached XP level 5. HP: 45/45 MP: 4/4
  2579 | D:4      | Noticed a phantom
  2586 | D:4      | 2586 ||| Stepping ~*~*~tactically~*~*~ (stealth).
  2603 | D:4      | Killed a phantom
  2762 | D:4      | 2762 ||| SWAPPING to +0 war axe.
  2763 | D:4      | 2763 ||| DROPPING +0 hand axe.
  2772 | D:4      | Found Feuza's Mayhem Merchandise.
  2779 | D:4      | 2779 ||| BUYING +0 broad axe (52 gold).
  2779 | D:4      | Bought a +0 broad axe for 52 gold pieces
  2779 | D:4      | 2779 ||| SHOPLISTING +0 broad axe of electrocution (156
                  | gold, have 83).
  2779 | D:4      | 2779 ||| SWAPPING to +0 broad axe.
  2780 | D:4      | 2780 ||| DROPPING +0 war axe.
  2841 | D:4      | Found a blossoming altar of Fedhas.
  2849 | D:4      | Reached XP level 6. HP: 56/56 MP: 5/5
  3017 | D:4      | 3017 ||| Stepping ~*~*~tactically~*~*~ (stealth).
  3018 | D:4      | 3018 ||| Stepping ~*~*~tactically~*~*~ (stealth).
  3023 | D:4      | 3023 ||| Stepping ~*~*~tactically~*~*~ (stealth).
  3075 | D:4      | Found a hazy altar of Hepliaklqana.
  3128 | D:4      | Noticed Pargi
  3133 | D:4      | Killed Pargi
  3206 | D:4      | 3206 ||| INVOKING Berserk.
  3208 | D:4      | Reached skill level 8 in Axes
  3436 | D:4      | 3436 ||| UPGRADING to +4 ring of evasion.
  3437 | D:4      | 3437 ||| READING scroll labelled GAHEUG ABEMPY.
  3442 | D:4      | 3442 ||| READING 2 scrolls labelled ZUNOC JYCU.
  3443 | D:4      | 3443 ||| DRINKING 3 lumpy purple potions.
  3444 | D:4      | 3444 ||| DROPPING 2 potions of invisibility.
  3445 | D:4      | 3445 ||| DROPPING scroll of poison.
  3446 | D:4      | 3446 ||| Stepping randomly (stuck).
  3447 | D:4      | 3447 ||| Stepping ~*~*~tactically~*~*~ (cloud).
  3560 | D:5      | Entered Level 5 of the Dungeon
  3561 | D:5      | 3561 ||| STAIRDANCE
  3563 | D:4      | 3563 ||| INVOKING Berserk.
  3677 | D:5      | 3677 ||| STAIRDANCE
  3679 | D:4      | 3679 ||| INVOKING Berserk.
  3824 | D:5      | 3824 ||| STAIRDANCE
  3826 | D:4      | 3826 ||| INVOKING Berserk.
  3881 | D:5      | 3881 ||| INVOKING Berserk.
  4054 | D:5      | Reached XP level 7. HP: 61/61 MP: 6/6
  4098 | D:5      | 4098 ||| INVOKING Berserk.
  4103 | D:5      | Reached skill level 9 in Axes
  4228 | D:5      | 4228 ||| Stepping ~*~*~tactically~*~*~ (stealth).
  4233 | D:5      | Reached skill level 3 in Armour
  4244 | D:5      | 4244 ||| INVOKING Berserk.
  4278 | D:5      | 4278 ||| FLEEEEING.
  4279 | D:5      | 4279 ||| FLEEEEING.
  4280 | D:5      | 4280 ||| FLEEEEING.
  4384 | D:5      | Reached skill level 10 in Axes
  4457 | D:5      | 4457 ||| DRINKING 3 potions of curing.
  4457 | D:5      | 4457 ||| (to cure confusion)
  4463 | D:5      | 4463 ||| DRINKING 2 potions of curing.
  4463 | D:5      | 4463 ||| (to cure confusion)
  4553 | D:5      | Reached XP level 8. HP: 70/70 MP: 7/7
  4713 | D:5      | Reached skill level 6 in Fighting
  4862 | D:5      | 4862 ||| UPGRADING to ring of protection from cold.
  4863 | D:5      | 4863 ||| READING scroll labelled WASUYT FIJO.
  4864 | D:5      | 4864 ||| READING scroll labelled TOHIUM HOTI.
  5022 | D:5      | 5022 ||| DRINKING 2 fizzy black potions.
  5023 | D:5      | 5023 ||| READING 3 scrolls of identify.
  5023 | D:5      | 5023 ||| IDENTIFYING murky clear potion
  5024 | D:5      | 5024 ||| READING 2 scrolls of identify.
  5024 | D:5      | 5024 ||| IDENTIFYING smoky coppery potion
  5025 | D:5      | 5025 ||| DROPPING potion of attraction.
  5100 | D:6      | 5100 ||| DROPPING +0 flail.
  5107 | D:6      | 5107 ||| Stepping ~*~*~tactically~*~*~ (hiding).
  5111 | D:6      | 5111 ||| Stepping ~*~*~tactically~*~*~ (hiding).
  5282 | D:6      | You fall into a shaft and drop 2 floors!
  5313 | D:8      | Reached skill level 11 in Axes
  5319 | D:8      | Reached *** piety under Trog
  5348 | D:8      | Found a burning altar of Makhleb.
  5413 | D:8      | Noticed Amaemon
  5413 | D:8      | Noticed an orange demon
  5414 | D:8      | 5414 ||| Stepping ~*~*~tactically~*~*~ (hiding).
  5420 | D:8      | 5420 ||| INVOKING Berserk.
  5429 | D:8      | Killed Amaemon
  5429 | D:8      | HP: 20/105 [orange demon[Amaemon] (10)]
  5430 | D:8      | Reached skill level 12 in Axes
  5430 | D:8      | Reached XP level 9. HP: 17/75 MP: 8/8
  5430 | D:8      | HP: 8/112 [poisoned by orange demon (concentrated venom)]
  5431 | D:8      | HP: 1/112 [poisoned by orange demon (concentrated venom)]
  5432 | D:8      | Succumbed to orange demon's concentrated venom

Levels and vault maps discovered:
D:1:      onia_arrival_mini_spirals, layout_basic
D:2:      layout_basic, serial_shops, shop_statue
D:3:      layout_basic, nicolae_qazlal_style_of_elements, basic_ecumenical_altar
D:4:      layout_basic, mainiacjoe_overflow_boulevard, fedhas_ov_isle_minmay,
          grunt_ministairs_14, minmay_misc_feat_tiny, minmay_shop_mayhem,
          uniq_pargi
D:5:      layout_basic
D:6:      layout_loops_corners, mainiacjoe_overflow_tiny_flanked,
          minmay_temple_entry_offerings, serial_glass, glass_columns_a,
          glass_columns_a, minmay_strange_pillars,
          minmay_misc_feat_four_crosses, uniq_edmund
D:8:      layout_loops_corners, bloody_makhleb, cheibrodos_ashenzari_chains,
          uniq_amaemon

Skill      XL: |  1  2  3  4  5  6  7  8 |
---------------+-------------------------+-----
Axes           | 4 5 7 8 10 12 | 12.7
Fighting       | 5 6 |  6.0
Throwing       | 2 |  2.4
Armour         | 3 4 |  4.1
Dodging        | |  2.1

Action                   |  1- 3 |  4- 6 |  7- 9 || total
-------------------------+-------+-------+-------++-------
Melee: Hand axe          |    98 |    24 |       ||   122
       Headbutt          |    12 |     7 |     8 ||    27
       Punch             |     1 |     3 |       ||     4
       Broad axe         |       |    36 |    93 ||   129
Throw: Javelin           |       |    15 |    16 ||    31
Invok: Berserk           |       |     6 |     3 ||     9
  Use: Scroll            |     4 |     2 |     4 ||    10
       Potion            |       |     3 |     3 ||     6
Armor: Animal skin       |    10 |       |       ||    10
       Leather armour    |    11 |       |       ||    11
       Chain mail        |     4 |    25 |    37 ||    66
Dodge: Dodged            |    53 |    24 |    58 ||   135

Table legend:
 A = Non-vault XP
 B = Vault XP
 C = Vault XP percentage of total XP
 D = Non-vault monster count
 E = Vault monster count
 F = Vault count percentage of total count
                 A         B        C        D         E       F
            +---------+---------+-------+---------+---------+-------
      Total |    1897 |     922 |  32.7 |      99 |       7 |   6.6
            +---------+---------+-------+---------+---------+-------
        D:1 |      36 |       0 |   0.0 |      22 |       0 |   0.0
        D:2 |      48 |       0 |   0.0 |      20 |       0 |   0.0
        D:3 |      13 |       0 |   0.0 |       7 |       0 |   0.0
        D:4 |     467 |     146 |  23.8 |      17 |       6 |  26.1
        D:5 |     820 |       0 |   0.0 |      21 |       0 |   0.0
        D:6 |     215 |       0 |   0.0 |       8 |       0 |   0.0
        D:8 |     298 |     776 |  72.3 |       4 |       1 |  20.0
            +---------+---------+-------+---------+---------+-------
